 Dungeon Crawl Stone Soup version 0.31-a0-177-g4aa6249778 (webtiles) character file.

Game seed: 7194364498064107113

4628 qw the Skirmisher (level 10, -10/96 HPs)
             Began as a Naga Hunter on June 18, 2023.
             Was a Follower of Okawaru.
             Mangled by a hornet (12 damage)
             ... on level 8 of the Dungeon.
             The game lasted 00:03:32 (7697 turns).

qw the Skirmisher (Naga Hunter)                     Turns: 7697, Time: 00:03:33

Health: -10/96     AC: 14    Str: 17    XL:     10   Next: 42%
Magic:  8/12       EV: 13    Int: 10    God:    Okawaru [*.....]
Gold:   323        SH:  0    Dex: 18    Spells: 9/9 levels left

rFire   x . .        Y - +1 shortbow
rCold   + . .        (shield currently unavailable)
rNeg    . . .        d - +4 ring mail
rPois   +            c - +0 helmet
rElec   .            k - +0 cloak
rCorr   .            (no gloves)
SInv    +            (no barding)
Will    +....        (no amulet)
Stlth   +++          a - ring "Ylas" {Ice Str+3}
HPRegen 0.36/turn    (no ring)
MPRegen 0.13/turn

%: no passive effects
@: short of breath, heroic, very slow
A: AC +3, large, see invisible, deformed body, poison resistance, slowness 2,
spit poison 1, naga tail 1
a: Spit Poison, Renounce Religion, Heroism


You were on level 8 of the Dungeon.
You worshipped Okawaru.
Okawaru was aware of your devotion.
You visited 2 branches of the dungeon, and saw 9 of its levels.
You also visited: Sewer.

You collected 323 gold pieces.


Innate Abilities, Weirdness & Mutations

Your serpentine skin is tough. (AC +3)
You have supernaturally acute eyesight. (SInv)
Armour fits poorly on your strangely shaped body.
Your system is resistant to poisons. (rPois)
You cover ground very slowly.
You can spit poison.
You have a snake-like lower body.


   Skills:
 - Level 8.1(13.1) Fighting
 + Level 11.3(16.3) Ranged Weapons
 - Level 2.0(7.0) Armour
 - Level 3.0(8.0) Dodging
 - Level 1.5(6.5) Stealth
 + Level 2.8 Invocations


You had 9 spell levels left.
You didn't know any spells.
Your spell library was empty.

Inventory:

Hand Weapons
 Y - a +1 shortbow (weapon)
Armour
 c - a +0 helmet (worn)
 d - a +4 ring mail (worn)
 g - a +1 ring mail of fire resistance
 k - a +0 cloak (worn)
Jewellery
 a - the ring "Ylas" (left hand) {Ice Str+3}
   (You acquired it on level 1 of the Dungeon)

   [ring of ice]

   It enhances your ice magic.
   Str:       It affects your strength (+3).
   rF:        It makes you vulnerable to fire.
   rC:        It protects you from cold.
Scrolls
 j - 2 scrolls of identify
Potions
 b - a potion of attraction {unknown}
 e - 2 potions of haste
 f - a potion of might {unknown}
 h - a potion of lignification {unknown}
 i - a potion of curing
 l - a potion of mutation {unknown}

Dungeon Overview and Level Annotations

Branches:
Dungeon (8/15)             Temple (1/1) D:7           Sewer (visited)
   Lair: D:8-11

Altars:
Ashenzari
Dithmenos
Elyvilon
Fedhas
Hepliaklqana
Kikubaaqudgha
Nemelex Xobeh
Okawaru
Qazlal
Ru
Uskayaw
Wu Jian
Xom
Yredelemnul
Zin

Shops:
D:5 =


Message History

You feel yourself speed up.
You have got your breath back.
A nearby plant withers and dies.
The hornet stings you but does no damage.
The hornet stings you. The two-headed ogre closely misses you.
The two-headed ogre completely misses you.
7690 ||| INVOKING Spit Poison.
Aiming: Spit Poison (1% risk of failure)
Press: ? - help, Shift-Dir - straight line, f/p - two-headed ogre The splash of poison hits the two-headed ogre!
The two-headed ogre is almost dead.
The hornet closely misses you. x2
You shoot an arrow. The arrow hits the two-headed ogre.
You kill the two-headed ogre!
Okawaru is honoured by your kill.
You hear a splash. x2
You feel like a meek peon again.
The hornet stings you but does no damage.
Your Invocations skill increases to level 2!
7692 ||| INVOKING Heroism.
You gain the combat prowess of a mighty hero.
The hornet stings you but does no damage.
You shoot an arrow. The arrow hits the hornet!
The hornet is moderately wounded.
The hornet stings you!
You shoot an arrow. The arrow closely misses the hornet.
The hornet stings you but does no damage.
You shoot an arrow. The arrow closely misses the hornet.
You have got your breath back.
The hornet stings you but does no damage.
The hornet closely misses you.
7696 ||| INVOKING Spit Poison.
Aiming: Spit Poison (1% risk of failure)
Press: ? - help, Shift-Dir - straight line, f/p - hornet The splash of poison misses the hornet.
The hornet stings you but does no damage.
You shoot an arrow. The arrow hits the hornet!
The hornet is heavily wounded.
The hornet stings you!
You die...

...............[.......#
########.########........
#........)....77#..?.....
#7..7777.7..77.7#.)......
#.7..777.77..77.#......^.
#777..77.777..77#........
77..7.7 77..7#.......#
###7.7# #####......##
7@~7 #..##### 7~)y~7 #..#
P~7.~77 7~P7~P7 7~7 7.~~
## 7.7## ... .7.


You could see a hornet.

Vanquished Creatures
  2 two-headed ogres (D:8)
  Grinder (Sewer)
  Eustachio (D:6)
  Menkaure (D:5)
  A water moccasin (D:7)
  2 sky beasts (D:7)
  3 ice beasts
  Duvessa (D:7)
  An orc warrior (D:4)
  An ogre (D:6)
  A phantom (D:7)
  2 kobold brigands
  3 bullfrogs
  A necrophage (Sewer)
  3 scorpions
  A wight (Sewer)
  Dowan (D:7)
  10 hounds
  12 orc priests
  A gnoll bouda (D:7)
  2 iguanas
  3 sleepcaps
  9 orc wizards
  Robin (D:3)
  13 gnolls
  8 adders
  A shadow imp (D:6)
  5 ufetubi
  An adder zombie (Sewer)
  41 orcs
  A bat zombie (Sewer)
  6 endoplasms
  3 giant cockroaches
  11 goblins
  11 hobgoblins
  9 quokkas
  5 ball pythons
  6 bats
  2 frilled lizards
  A giant cockroach zombie (Sewer)
  21 kobolds
  A kobold zombie (Sewer)
  3 rats
213 creatures vanquished.

Notes
Turn   | Place    | Note
-------+----------+-------------------------------------------
     0 | D:1      | qw the Naga Hunter began the quest for the Orb.
     0 | D:1      | Reached XP level 1. HP: 19/19 MP: 1/1
     0 | D:1      | 0 ||| qw: Version: 0.3-a-5-g6f28e65
     0 | D:1      | 0 ||| qw: Game counter: 664
     0 | D:1      | 0 ||| qw: Always use a shield: true
     0 | D:1      | 0 ||| qw: God list: Okawaru
     0 | D:1      | 0 ||| qw: Allow faded altars: false
     0 | D:1      | 0 ||| qw: Do Orc after D:15 true
     0 | D:1      | 0 ||| qw: Do second Lair branch before Depths: true
     0 | D:1      | 0 ||| qw: Lair rune preference: random
     0 | D:1      | 0 ||| qw: Plans: Normal
     0 | D:1      | 0 ||| PLANNING D:1-11
   308 | D:1      | 308 ||| INVOKING Spit Poison.
   313 | D:1      | 313 ||| INVOKING Spit Poison.
   314 | D:1      | 314 ||| INVOKING Spit Poison.
   329 | D:1      | Reached skill level 4 in Ranged Weapons
   329 | D:1      | Reached XP level 2. HP: 19/26 MP: 2/2
   572 | D:1      | 572 ||| INVOKING Spit Poison.
   657 | D:1      | 657 ||| INVOKING Spit Poison.
   804 | D:1      | 804 ||| READING scroll labelled TAT VERYPIOLUH.
   805 | D:1      | 805 ||| READING scroll labelled HEGIAN ICLU.
   805 | D:1      | Identified a scroll of acquirement
   805 | D:1      | 805 ||| ACQUIRING ring "Ylas" {Ice Str+3}
   805 | D:1      | Acquired the ring "Ylas" {Ice Str+3}
   807 | D:1      | 807 ||| UPGRADING to ring "Ylas" {Ice Str+3}.
   808 | D:1      | 808 ||| READING scroll labelled XIUNEU QYTOIJI.
   812 | D:1      | 812 ||| READING scroll labelled TOM JONGIJUT.
   813 | D:1      | 813 ||| DROPPING scroll of butterflies.
   844 | D:2      | 844 ||| INVOKING Spit Poison.
   981 | D:2      | 981 ||| INVOKING Spit Poison.
  1022 | D:2      | 1022 ||| INVOKING Spit Poison.
  1032 | D:2      | 1032 ||| INVOKING Spit Poison.
  1034 | D:2      | Reached XP level 3. HP: 32/32 MP: 3/3
  1057 | D:2      | 1057 ||| INVOKING Spit Poison.
  1062 | D:2      | 1062 ||| INVOKING Spit Poison.
  1067 | D:2      | 1067 ||| INVOKING Spit Poison.
  1070 | D:2      | 1070 ||| INVOKING Spit Poison.
  1157 | D:2      | 1157 ||| INVOKING Spit Poison.
  1164 | D:2      | 1164 ||| INVOKING Spit Poison.
  1167 | D:2      | Reached skill level 5 in Ranged Weapons
  1167 | D:2      | Reached XP level 4. HP: 35/39 MP: 4/4
  1258 | D:2      | 1258 ||| INVOKING Spit Poison.
  1610 | D:2      | 1610 ||| UPGRADING to +4 ring mail.
  1620 | D:2      | 1620 ||| DROPPING +0 leather armour.
  1621 | D:2      | 1621 ||| DROPPING +6 ring of intelligence.
  1622 | D:2      | 1622 ||| DRINKING 2 metallic grey potions.
  1623 | D:2      | 1623 ||| DRINKING 2 smoky blue potions.
  1628 | D:2      | 1628 ||| DROPPING potion of ambrosia.
  1674 | D:3      | 1674 ||| PLANNING SEWER
  1674 | D:3      | 1674 ||| INVOKING Spit Poison.
  1685 | D:3      | 1685 ||| INVOKING Spit Poison.
  1693 | D:3      | 1693 ||| INVOKING Spit Poison.
  1698 | D:3      | 1698 ||| INVOKING Spit Poison.
  1700 | D:3      | Reached skill level 3 in Fighting
  1703 | D:3      | 1703 ||| INVOKING Spit Poison.
  1708 | D:3      | 1708 ||| INVOKING Spit Poison.
  1709 | D:3      | HP: 8/42 [quokka (3)]
  1711 | D:3      | 1711 ||| INVOKING Spit Poison.
  1714 | D:3      | HP: 5/42 [quokka (4)]
  1715 | D:3      | Reached XP level 5. HP: 6/49 MP: 5/5
  1716 | D:3      | 1716 ||| INVOKING Spit Poison.
  1887 | D:3      | Found a faded altar of an unknown god.
  1893 | D:3      | Found a hazy altar of Hepliaklqana.
  1925 | D:3      | 1925 ||| INVOKING Spit Poison.
  1951 | D:3      | 1951 ||| INVOKING Spit Poison.
  1966 | D:3      | 1966 ||| INVOKING Spit Poison.
  1976 | D:3      | Noticed Robin
  1977 | D:3      | 1977 ||| INVOKING Spit Poison.
  1979 | D:3      | 1979 ||| Stepping ~*~*~tactically~*~*~ (outnumbered).
  1980 | D:3      | 1980 ||| INVOKING Spit Poison.
  1986 | D:3      | 1986 ||| INVOKING Spit Poison.
  1992 | D:3      | 1992 ||| INVOKING Spit Poison.
  1998 | D:3      | 1998 ||| INVOKING Spit Poison.
  2004 | D:3      | 2004 ||| INVOKING Spit Poison.
  2008 | D:3      | Killed Robin
  2010 | D:3      | 2010 ||| INVOKING Spit Poison.
  2032 | D:3      | 2032 ||| INVOKING Spit Poison.
  2106 | D:3      | Found a glowing drain.
  2107 | D:3      | 2107 ||| INVOKING Spit Poison.
  2109 | D:3      | 2109 ||| UPGRADING to +0 helmet.
  2117 | D:3      | 2117 ||| INVOKING Spit Poison.
  2122 | D:3      | 2122 ||| INVOKING Spit Poison.
  2130 | Sewer    | Entered a sewer
  2131 | Sewer    | 2131 ||| INVOKING Spit Poison.
  2147 | Sewer    | 2147 ||| INVOKING Spit Poison.
  2153 | Sewer    | Reached skill level 6 in Ranged Weapons
  2166 | Sewer    | 2166 ||| INVOKING Spit Poison.
  2184 | Sewer    | 2184 ||| INVOKING Spit Poison.
  2189 | Sewer    | Reached XP level 6. HP: 53/56 MP: 6/6
  2190 | Sewer    | 2190 ||| INVOKING Spit Poison.
  2228 | Sewer    | 2228 ||| INVOKING Spit Poison.
  2231 | Sewer    | 2231 ||| INVOKING Spit Poison.
  2237 | Sewer    | 2237 ||| INVOKING Spit Poison.
  2238 | Sewer    | Reached skill level 1 in Armour
  2246 | Sewer    | 2246 ||| INVOKING Spit Poison.
  2249 | Sewer    | 2249 ||| INVOKING Spit Poison.
  2256 | Sewer    | 2256 ||| INVOKING Spit Poison.
  2262 | Sewer    | 2262 ||| INVOKING Spit Poison.
  2271 | Sewer    | 2271 ||| FLEEEEING.
  2343 | Sewer    | Found an ancient bone altar of Kikubaaqudgha.
  2462 | Sewer    | Noticed Grinder
  2463 | Sewer    | 2463 ||| Stepping ~*~*~tactically~*~*~ (outnumbered).
  2464 | Sewer    | 2464 ||| INVOKING Spit Poison.
  2469 | Sewer    | 2469 ||| INVOKING Spit Poison.
  2472 | Sewer    | 2472 ||| INVOKING Spit Poison.
  2479 | Sewer    | Paralysed by Grinder for 2 turns
  2487 | Sewer    | HP: 14/57 [Grinder (1)]
  2491 | Sewer    | Paralysed by Grinder for 5 turns
  2498 | Sewer    | HP: 5/57 [Grinder/nerve-wracking pain (10)]
  2502 | Sewer    | Killed Grinder
  2503 | Sewer    | Reached XP level 7. HP: 4/64 MP: 7/7
  2771 | Sewer    | 2771 ||| READING scroll labelled CUAWNU ULURPH.
  2874 | Sewer    | 2874 ||| READING 2 scrolls labelled LUOTWU REOR.
  2909 | D:3      | 2909 ||| PLANNING D:1-11
  2915 | D:3      | 2915 ||| INVOKING Spit Poison.
  2961 | D:3      | 2961 ||| INVOKING Spit Poison.
  3076 | D:3      | 3076 ||| READING scroll labelled DIDULASCHYA.
  3086 | D:4      | 3086 ||| INVOKING Spit Poison.
  3090 | D:4      | 3090 ||| STAIRDANCE
  3092 | D:3      | 3092 ||| INVOKING Spit Poison.
  3098 | D:3      | Reached skill level 7 in Ranged Weapons
  3192 | D:4      | 3192 ||| INVOKING Spit Poison.
  3198 | D:4      | 3198 ||| INVOKING Spit Poison.
  3201 | D:4      | 3201 ||| INVOKING Spit Poison.
  3202 | D:4      | 3202 ||| STAIRDANCE
  3233 | D:4      | 3233 ||| INVOKING Spit Poison.
  3236 | D:4      | 3236 ||| STAIRDANCE
  3238 | D:3      | 3238 ||| INVOKING Spit Poison.
  3265 | D:4      | 3265 ||| INVOKING Spit Poison.
  3320 | D:4      | 3320 ||| INVOKING Spit Poison.
  3330 | D:4      | 3330 ||| INVOKING Spit Poison.
  3334 | D:4      | 3334 ||| INVOKING Spit Poison.
  3341 | D:4      | 3341 ||| INVOKING Spit Poison.
  3371 | D:4      | 3371 ||| INVOKING Spit Poison.
  3410 | D:4      | 3410 ||| INVOKING Spit Poison.
  3412 | D:4      | 3412 ||| Stepping ~*~*~tactically~*~*~ (outnumbered).
  3415 | D:4      | 3415 ||| INVOKING Spit Poison.
  3422 | D:4      | 3422 ||| INVOKING Spit Poison.
  3425 | D:4      | 3425 ||| INVOKING Spit Poison.
  3430 | D:4      | 3430 ||| INVOKING Spit Poison.
  3434 | D:4      | 3434 ||| INVOKING Spit Poison.
  3435 | D:4      | Reached XP level 8. HP: 35/72 MP: 8/8
  3450 | D:4      | 3450 ||| INVOKING Spit Poison.
  3567 | D:4      | 3567 ||| INVOKING Spit Poison.
  3571 | D:4      | 3571 ||| INVOKING Spit Poison.
  3577 | D:4      | 3577 ||| INVOKING Spit Poison.
  3729 | D:4      | 3729 ||| INVOKING Spit Poison.
  3734 | D:4      | 3734 ||| INVOKING Spit Poison.
  3763 | D:4      | 3763 ||| INVOKING Spit Poison.
  3771 | D:4      | 3771 ||| INVOKING Spit Poison.
  3773 | D:4      | Reached skill level 8 in Ranged Weapons
  3798 | D:4      | 3798 ||| INVOKING Spit Poison.
  3801 | D:4      | 3801 ||| INVOKING Spit Poison.
  3977 | D:4      | 3977 ||| INVOKING Spit Poison.
  4154 | D:4      | 4154 ||| READING scroll labelled YTOYHOS OLEIF.
  4155 | D:4      | 4155 ||| READING scroll labelled DOZUOBBO VISCHO.
  4166 | D:5      | Entered Level 5 of the Dungeon
  4167 | D:5      | 4167 ||| INVOKING Spit Poison.
  4170 | D:5      | 4170 ||| INVOKING Spit Poison.
  4174 | D:5      | 4174 ||| INVOKING Spit Poison.
  4197 | D:5      | 4197 ||| INVOKING Spit Poison.
  4204 | D:5      | 4204 ||| INVOKING Spit Poison.
  4236 | D:5      | 4236 ||| INVOKING Spit Poison.
  4256 | D:5      | 4256 ||| INVOKING Spit Poison.
  4315 | D:5      | Found Tadd's Jewellery Shop.
  4317 | D:5      | 4317 ||| INVOKING Spit Poison.
  4322 | D:5      | 4322 ||| INVOKING Spit Poison.
  4332 | D:5      | 4332 ||| SHOPLISTING amulet of reflection (360 gold, have
                  | 183).
  4332 | D:5      | 4332 ||| SHOPLISTING ring of resist corrosion (240 gold,
                  | have 183).
  4387 | D:5      | 4387 ||| INVOKING Spit Poison.
  4415 | D:5      | 4415 ||| INVOKING Spit Poison.
  4430 | D:5      | 4430 ||| INVOKING Spit Poison.
  4440 | D:5      | 4440 ||| INVOKING Spit Poison.
  4444 | D:5      | 4444 ||| INVOKING Spit Poison.
  4614 | D:5      | 4614 ||| INVOKING Spit Poison.
  4620 | D:5      | 4620 ||| INVOKING Spit Poison.
  4624 | D:5      | 4624 ||| INVOKING Spit Poison.
  4665 | D:5      | Noticed Menkaure
  4675 | D:5      | Killed Menkaure
  4676 | D:5      | Reached skill level 9 in Ranged Weapons
  4879 | D:5      | 4879 ||| INVOKING Spit Poison.
  4882 | D:5      | 4882 ||| INVOKING Spit Poison.
  4889 | D:5      | 4889 ||| INVOKING Spit Poison.
  4892 | D:5      | 4892 ||| INVOKING Spit Poison.
  4899 | D:5      | 4899 ||| INVOKING Spit Poison.
  4927 | D:5      | 4927 ||| INVOKING Spit Poison.
  5057 | D:6      | 5057 ||| Stepping ~*~*~tactically~*~*~ (outnumbered).
  5059 | D:6      | 5059 ||| Stepping ~*~*~tactically~*~*~ (outnumbered).
  5064 | D:6      | 5064 ||| INVOKING Spit Poison.
  5067 | D:6      | Reached XP level 9. HP: 77/81 MP: 9/9
  5067 | D:6      | 5067 ||| INVOKING Spit Poison.
  5071 | D:6      | 5071 ||| INVOKING Spit Poison.
  5077 | D:6      | 5077 ||| INVOKING Spit Poison.
  5081 | D:6      | 5081 ||| INVOKING Spit Poison.
  5169 | D:6      | 5169 ||| INVOKING Spit Poison.
  5174 | D:6      | 5174 ||| INVOKING Spit Poison.
  5210 | D:6      | Noticed a +0 dagger
  5210 | D:6      | Noticed a +0 dagger
  5222 | D:6      | Found a hide-covered altar of Uskayaw.
  5225 | D:6      | 5225 ||| READING scroll labelled IDUCZEUNYG.
  5226 | D:6      | 5226 ||| DRINKING 2 bubbling white potions.
  5227 | D:6      | 5227 ||| DROPPING potion of invisibility.
  5229 | D:6      | 5229 ||| INVOKING Spit Poison.
  5234 | D:6      | 5234 ||| INVOKING Spit Poison.
  5235 | D:6      | Reached skill level 6 in Fighting
  5241 | D:6      | 5241 ||| INVOKING Spit Poison.
  5248 | D:6      | 5248 ||| INVOKING Spit Poison.
  5251 | D:6      | 5251 ||| INVOKING Spit Poison.
  5256 | D:6      | 5256 ||| INVOKING Spit Poison.
  5272 | D:6      | 5272 ||| INVOKING Spit Poison.
  5309 | D:6      | 5309 ||| INVOKING Spit Poison.
  5429 | D:6      | 5429 ||| INVOKING Spit Poison.
  5432 | D:6      | 5432 ||| INVOKING Spit Poison.
  5435 | D:6      | 5435 ||| INVOKING Spit Poison.
  5474 | D:6      | 5474 ||| INVOKING Spit Poison.
  5480 | D:6      | 5480 ||| INVOKING Spit Poison.
  5547 | D:6      | 5547 ||| INVOKING Spit Poison.
  5553 | D:6      | 5553 ||| INVOKING Spit Poison.
  5579 | D:6      | 5579 ||| INVOKING Spit Poison.
  5585 | D:6      | Reached skill level 10 in Ranged Weapons
  5586 | D:6      | 5586 ||| Stepping ~*~*~tactically~*~*~ (outnumbered).
  5588 | D:6      | 5588 ||| INVOKING Spit Poison.
  5589 | D:6      | Noticed Eustachio
  5595 | D:6      | 5595 ||| INVOKING Spit Poison.
  5598 | D:6      | 5598 ||| INVOKING Spit Poison.
  5603 | D:6      | Killed Eustachio
  5604 | D:6      | 5604 ||| INVOKING Spit Poison.
  5610 | D:6      | 5610 ||| INVOKING Spit Poison.
  5611 | D:6      | Reached skill level 3 in Dodging
  5741 | D:6      | 5741 ||| INVOKING Spit Poison.
  5751 | D:6      | 5751 ||| INVOKING Spit Poison.
  5948 | D:6      | 5948 ||| DROPPING scarf of harm.
  5949 | D:6      | 5949 ||| READING scroll labelled JYW VAKOF FUG.
  5950 | D:6      | 5950 ||| DRINKING 2 blue potions.
  5951 | D:6      | 5951 ||| DRINKING 2 clear potions.
  5952 | D:6      | 5952 ||| READING 2 scrolls of identify.
  5952 | D:6      | 5952 ||| IDENTIFYING viscous brown potion
  5953 | D:6      | 5953 ||| DROPPING potion of degeneration.
  5954 | D:6      | 5954 ||| DROPPING potion of brilliance.
  5983 | D:7      | 5983 ||| INVOKING Spit Poison.
  5986 | D:7      | 5986 ||| INVOKING Spit Poison.
  5988 | D:7      | Noticed Duvessa
  5988 | D:7      | Noticed Dowan
  5991 | D:7      | 5991 ||| INVOKING Spit Poison.
  5997 | D:7      | 5997 ||| INVOKING Spit Poison.
  6002 | D:7      | 6002 ||| INVOKING Spit Poison.
  6006 | D:7      | 6006 ||| INVOKING Spit Poison.
  6012 | D:7      | 6012 ||| INVOKING Spit Poison.
  6012 | D:7      | Killed Duvessa
  6012 | D:7      | HP: 16/85 [Dowan/shard of ice (13)]
  6013 | D:7      | 6013 ||| READING scroll of teleportation.
  6014 | D:7      | 6014 ||| DRINKING potion of heal wounds.
  6179 | D:7      | 6179 ||| Stepping ~*~*~tactically~*~*~ (outnumbered).
  6180 | D:7      | 6180 ||| INVOKING Spit Poison.
  6186 | D:7      | 6186 ||| INVOKING Spit Poison.
  6189 | D:7      | 6189 ||| INVOKING Spit Poison.
  6192 | D:7      | 6192 ||| INVOKING Spit Poison.
  6198 | D:7      | 6198 ||| INVOKING Spit Poison.
  6272 | D:7      | 6272 ||| INVOKING Spit Poison.
  6279 | D:7      | 6279 ||| INVOKING Spit Poison.
  6368 | D:7      | 6368 ||| INVOKING Spit Poison.
  6374 | D:7      | 6374 ||| INVOKING Spit Poison.
  6377 | D:7      | 6377 ||| INVOKING Spit Poison.
  6385 | D:7      | 6385 ||| INVOKING Spit Poison.
  6388 | D:7      | 6388 ||| INVOKING Spit Poison.
  6454 | D:7      | Found a staircase to the Ecumenical Temple.
  6455 | D:7      | 6455 ||| PLANNING TEMPLE
  6455 | D:7      | 6455 ||| READING scroll labelled RACIUQ SYODIDU.
  6464 | D:7      | 6464 ||| INVOKING Spit Poison.
  6483 | Temple   | Entered the Ecumenical Temple
  6516 | Temple   | 6516 ||| PLANNING OKAWARU WORSHIP
  6739 | Temple   | Became a worshipper of Warmaster Okawaru
  6740 | Temple   | 6740 ||| PLANNING D:1-11
  6770 | D:7      | 6770 ||| INVOKING Spit Poison.
  6773 | D:7      | 6773 ||| INVOKING Spit Poison.
  6778 | D:7      | 6778 ||| INVOKING Spit Poison.
  6782 | D:7      | 6782 ||| INVOKING Spit Poison.
  6839 | D:7      | 6839 ||| INVOKING Spit Poison.
  6842 | D:7      | 6842 ||| INVOKING Spit Poison.
  6845 | D:7      | Killed Dowan
  6937 | D:7      | 6937 ||| INVOKING Spit Poison.
  6943 | D:7      | 6943 ||| INVOKING Spit Poison.
  6950 | D:7      | 6950 ||| INVOKING Spit Poison.
  6962 | D:7      | 6962 ||| INVOKING Spit Poison.
  6968 | D:7      | 6968 ||| INVOKING Spit Poison.
  7054 | D:7      | 7054 ||| INVOKING Spit Poison.
  7061 | D:7      | 7061 ||| INVOKING Spit Poison.
  7067 | D:7      | 7067 ||| INVOKING Spit Poison.
  7218 | D:7      | 7218 ||| UPGRADING to +0 cloak.
  7223 | D:7      | 7223 ||| DRINKING 2 green potions.
  7240 | D:8      | 7240 ||| STAIRDANCE
  7243 | D:7      | Reached skill level 11 in Ranged Weapons
  7243 | D:7      | Reached XP level 10. HP: 76/94 MP: 10/10
  7309 | D:8      | Noticed a two-headed ogre
  7310 | D:8      | 7310 ||| INVOKING Spit Poison.
  7318 | D:8      | 7318 ||| INVOKING Spit Poison.
  7323 | D:8      | HP: 23/94 [two-headed ogre/+0 giant club (7)]
  7324 | D:8      | Killed a two-headed ogre
  7324 | D:8      | Reached * piety under Okawaru
  7565 | D:8      | 7565 ||| INVOKING Spit Poison.
  7575 | D:8      | 7575 ||| INVOKING Spit Poison.
  7579 | D:8      | 7579 ||| INVOKING Spit Poison.
  7612 | D:8      | 7612 ||| INVOKING Spit Poison.
  7641 | D:8      | 7641 ||| INVOKING Spit Poison.
  7646 | D:8      | Reached skill level 1 in Invocations
  7676 | D:8      | Noticed a two-headed ogre
  7677 | D:8      | 7677 ||| INVOKING Heroism.
  7682 | D:8      | 7682 ||| INVOKING Spit Poison.
  7686 | D:8      | 7686 ||| INVOKING Spit Poison.
  7688 | D:8      | HP: 13/96 [two-headed ogre/+0 giant spiked club (14)]
  7690 | D:8      | 7690 ||| INVOKING Spit Poison.
  7691 | D:8      | Killed a two-headed ogre
  7692 | D:8      | 7692 ||| INVOKING Heroism.
  7693 | D:8      | HP: 1/96 [hornet (9)]
  7696 | D:8      | 7696 ||| INVOKING Spit Poison.
  7697 | D:8      | Mangled by a hornet

Levels and vault maps discovered:
D:1:      amcnicky_arrival_flooded_fountain, layout_basic
D:2:      layout_loops_ring, grunt_ministairs_15
D:3:      layout_basic, lemuel_crystal_altar, shapermc_ecumenical_altar_venn,
          portal_sewer_entry_f, reono_crystal_passage, uniq_robin
D:4:      layout_cave_pools, guppyfry_early_orc_mine
D:5:      layout_gridville, serial_shops, shop, uniq_menkaure
D:6:      layout_loops_ring, dancing_weapons_uskayaw, serial_bayou_pond_e,
          uniq_eustachio
D:7:      layout_basic, minmay_temple_entry_grid, uniq_duvessa
D:8:      nzn_winding_woodlands_three_and_one
          [nzn_winding_woodlands_5x15_pockets,
          nzn_winding_woodlands_5x15_lazy_stream,
          nzn_winding_woodlands_5x15_sidewinder,
          nzn_winding_woodlands_center_pierced_h], layout_rooms
Temple:   compressed_dpeg_triangle_lava_temple

Skill      XL: |  1  2  3  4  5  6  7  8  9 10 |
---------------+-------------------------------+-----
Ranged Weapons | 4 5 6 7 9 11 | 11.3
Fighting       | 3 4 5 7 8 |  8.1
Armour         | 1 2 |  2.0
Dodging        | 2 3 |  3.0
Invocations    | 2 |  2.8
Stealth        | |  1.5

Action                     |  1- 3 |  4- 6 |  7- 9 | 10-12 || total
---------------------------+-------+-------+-------+-------++-------
   Fire: Shortbow          |    38 |   176 |   472 |    45 ||   731
 Invoke: Heroism           |       |       |       |     2 ||     2
Ability: Spit Poison       |    14 |    38 |   119 |    11 ||   182
    Use: Scroll            |     4 |       |    10 |       ||    14
         Potion            |       |     2 |     5 |       ||     7
 Armour: Leather armour    |     2 |       |       |       ||     2
         Ring mail         |       |    80 |   165 |     9 ||   254
  Dodge: Dodged            |    13 |    76 |   167 |    18 ||   274

Table legend:
 A = Non-vault XP
 B = Vault XP
 C = Vault XP percentage of total XP
 D = Non-vault monster count
 E = Vault monster count
 F = Vault count percentage of total count
                 A         B        C        D         E       F
            +---------+---------+-------+---------+---------+-------
      Total |    4213 |    2399 |  36.3 |     148 |      65 |  30.5
            +---------+---------+-------+---------+---------+-------
        D:1 |      13 |       0 |   0.0 |      10 |       0 |   0.0
        D:2 |      91 |       3 |   3.2 |      11 |       2 |  15.4
        D:3 |     163 |      48 |  22.7 |      25 |      18 |  41.9
        D:4 |     382 |     214 |  35.9 |      19 |       7 |  26.9
        D:5 |     613 |     175 |  22.2 |      25 |       1 |   3.8
        D:6 |     978 |     196 |  16.7 |      30 |       1 |   3.2
        D:7 |    1062 |     202 |  16.0 |      23 |       2 |   8.0
        D:8 |     911 |     955 |  51.2 |       5 |       3 |  37.5
      Sewer |       0 |     606 | 100.0 |       0 |      31 | 100.0
            +---------+---------+-------+---------+---------+-------
